 Dungeon Crawl Stone Soup version 0.23.2-1-ga50397a6bc (webtiles) character file.

Game seed: 10893150333236392201

293 Kinoniko the Poker (level 6, 0/70 HPs)
             Began as a Merfolk Gladiator on May 3, 2019.
             Killed from afar by an orc wizard (2 damage)
             ... with a magic dart
             ... on level 4 of the Dungeon.
             The game lasted 00:05:34 (3063 turns).

Kinoniko the Poker (Merfolk Gladiator)              Turns: 3063, Time: 00:05:35

Health: 0/70       AC:  8    Str: 21    XL:     6   Next: 33%
Magic:  6/6        EV: 14    Int:  8    God:
Gold:   63         SH:  0    Dex: 15    Spells: 5/5 levels left

rFire    . . .     SeeInvis .   i - +1 halberd (flame)
rCold    . . .     Gourm    .   (shield currently unavailable)
rNeg     . . .     Faith    .   o - +0 ring mail
rPois    .         Spirit   .   c - +1 helmet
rElec    .         Reflect  .   (no cloak)
rCorr    .         Harm     .   e - +0 pair of gloves
MR       .....                  (no boots)
Stlth    ..........             (no amulet)
HPRegen  0.21/turn              (no ring)
MPRegen  0.10/turn              (no ring)

@: confused, berserking, very quick
A: change form in water, swift swim, stealthy swim
a: no special abilities


You were on level 4 of the Dungeon.
You were not hungry.

You visited 1 branch of the dungeon, and saw 4 of its levels.

You collected 63 gold pieces.

Inventory:

Hand Weapons
 a - a +0 trident
 i - a +1 halberd of flaming (weapon)
 j - a +0 spear
Missiles
 d - 3 throwing nets (quivered)
Armour
 b - a +0 leather armour
 c - a +1 helmet (worn)
 e - a +0 pair of gloves (worn)
 o - a +0 ring mail (worn)
Wands
 p - a wand of enslavement (5)
Scrolls
 g - a scroll of magic mapping {unknown}
 h - 2 scrolls of teleportation
 n - 3 scrolls of identify {unknown}
Comestibles
 f - 4 rations


   Skills:
 * Level 3.3 Fighting
 * Level 7.4 Polearms
 + Level 2.1 Throwing
 * Level 1.4 Armour
 * Level 5.4 Dodging


You had 5 spell levels left.
You didn't know any spells.
Your spell library was empty.

Dungeon Overview and Level Annotations

Branches:
Dungeon (4/15)             Temple (0/1) D:4

Altars:
Fedhas
Makhleb
Uskayaw
Wu Jian
Xom
Yredelemnul

Shops:
D:4 :

Annotations:
D:4 Blork the orc


Message History

You are confused.
You're too confused to move!
Blork the orc appears from thin air!
Reactivating autopickup.
Blork the orc hits you with a +0 short sword.
* * * LOW HITPOINT WARNING * * *
Something hits you.
* * * LOW HITPOINT WARNING * * *
Deactivating autopickup; reactivate with Ctrl-A.
You slice Blork the orc!! You burn Blork the orc.
Blork the orc is almost dead.
Blork the orc mumbles some strange words.
Blork the orc flickers and vanishes!
You barely miss something.
You hear some strange, mumbled words.
A puff of frost appears from out of thin air!
The puff of frost hits you but does no damage.
You hear some strange, mumbled words.
A magic dart appears from out of thin air!
The magic dart hits you.
You die...

. ......+.... #....#
......#.... #....# #....
#.(..# #.... #....#
#.... ... #....#####
#.... .>.⌠ #(.......+
#.... .....#........#
#.... .⌠...#)@{.....#
#....
.....##{############....
.......)...........#####
........................
........................
....?...................
........................
.......(................
........................


There were no monsters in sight!

Vanquished Creatures
  A crimson imp (D:3)
  2 hounds (D:4)
  Robin (D:2)
  4 gnolls (D:2)
  6 adders
  A worm (D:2)
  2 dart slugs
  2 leopard geckos (D:2)
  3 orcs (D:4)
  13 bats
  A giant cockroach (D:2)
  19 goblins
  10 hobgoblins
  4 jackals (D:1)
  5 kobolds
  A quokka (D:3)
  6 frilled lizards
  A leopard gecko skeleton (D:4)
  9 rats
91 creatures vanquished.

Vanquished Creatures (others)
  2 goblins
2 creatures vanquished.

Grand Total: 93 creatures vanquished

Notes
Turn   | Place    | Note
-------+----------+-------------------------------------------
     0 | D:1      | Kinoniko the Merfolk Gladiator began the quest for the Orb.
     0 | D:1      | Reached XP level 1. HP: 16/16 MP: 1/1
    20 | D:1      | Reached XP level 2. HP: 9/22 MP: 2/2
   631 | D:1      | Reached skill level 5 in Polearms
   632 | D:1      | Reached XP level 3. HP: 16/28 MP: 3/3
  1297 | D:2      | Reached XP level 4. HP: 31/34 MP: 4/4
  1297 | D:2      | Reached skill level 5 in Dodging
  1381 | D:2      | Reached skill level 1 in Armour
  1600 | D:2      | Reached skill level 6 in Polearms
  1613 | D:2      | Noticed Robin
  1626 | D:2      | Reached XP level 5. HP: 39/39 MP: 5/5
  1636 | D:2      | Killed Robin
  2131 | D:3      | Found an ornate altar of the Wu Jian Council.
  2138 | D:3      | Found a basalt altar of Yredelemnul.
  2147 | D:3      | Found a hide-covered altar of Uskayaw.
  2189 | D:3      | Found a blossoming altar of Fedhas.
  2485 | D:3      | Found a burning altar of Makhleb.
  2486 | D:3      | Found a shimmering altar of Xom.
  2920 | D:4      | Reached skill level 7 in Polearms
  2920 | D:4      | Reached XP level 6. HP: 47/47 MP: 6/6
  2957 | D:4      | Found Meheirphuz's Book Emporium.
  3021 | D:4      | Noticed Blork the orc
  3024 | D:4      | Found a staircase to the Ecumenical Temple.
  3061 | D:4      | HP: 2/70 [Blork the orc/+0 short sword (3)]
  3063 | D:4      | Killed from afar by an orc wizard

Skill      XL: |  1  2  3  4  5 |
---------------+----------------+-----
Polearms       | 5 6 7 |  7.4
Dodging        | 5 |  5.4
Armour         | 1 |  1.4
Fighting       | 3 |  3.3
Throwing       | |  2.1

Action                   |  1- 3 |  4- 6 || total
-------------------------+-------+-------++-------
Melee: Trident           |   109 |     9 ||   118
       Halberd           |       |   152 ||   152
  Use: Scroll            |     5 |       ||     5
       Potion            |       |     7 ||     7
 Stab: Sleeping          |     1 |     1 ||     2
  Eat: Chunk             |     1 |     4 ||     5
       Ration            |       |     1 ||     1
Armor: Leather armour    |    41 |    27 ||    68
       Ring mail         |       |    31 ||    31
Dodge: Dodged            |   119 |   103 ||   222
